Map: 2000 Atmospheres LE

Players

Pumba - Winner!

  • Race: Zerg Zerg
  • League: Platinum
  • Spawn Location: 3:00

Vorpal

  • Race: Protoss Protoss
  • League: Platinum
  • Spawn Location: 7:00

VOD

Have the link to the VOD?

Description

Time

  • Played on: Aug. 10, 2021, 5:19 p.m.
  • Length: 6:28
Show
View Real Time Build Order
Export as new Build Order

Pumba Zerg - Winner!

Build Orders: Pool First 

Get SALT Encoding   

  12  0:00  Drone  
  13  0:12  Overlord  
  13  0:17  Drone  
  14  0:31  Drone x2  
  16  0:41  Drone  
  17  0:45  Spawning Pool  
  17  0:47  Drone  
  17  1:09  Hatchery  
  16  1:11  Drone  
  17  1:20  Extractor  
  17  1:22  Drone  
  17  1:27  Drone  
  18  1:33  Queen  
  18  1:35  Zergling x2  
  21  1:44  Overlord  
  21  1:53  Drone  
  22  2:02  Drone  
  23  2:11  Queen  
  25  2:22  Zergling x2  
  26  2:23  Metabolic Boost  
  26  2:25  Drone x2  
  28  2:31  Overlord  
  28  2:44  Drone x2  
  28  2:50  Drone  
  28  2:51  Drone x3  
  33  2:59  Overlord  
  33  3:02  Drone  
  33  3:04  Drone  
  35  3:15  Drone x2  
  35  3:18  Roach Warren  
  36  3:25  Drone x4  
  36  3:26  Drone  
  41  3:27  Overlord  
  41  3:41  Drone x2  
  43  3:42  Overlord  
  43  3:50  Hatchery  
  42  3:56  Drone x7, Overlord  
  49  4:03  Overlord  
  49  4:09  Extractor  
  48  4:11  Extractor  
  48  4:12  Lair, Extractor  
  46  4:19  Roach x4  
  54  4:31  Roach x6  
  58  4:38  Overlord x2  
  66  5:05  Drone x2  
  66  5:06  Drone  
  69  5:09  Roach x8  
  85  5:18  Overlord  
  85  5:19  Overlord x2  
  85  5:33  Roach x2  
  83  5:45  Roach x6  
  81  6:07  Drone x3  
  81  6:10  Drone x2  
  86  6:12  Drone x3  
Show
View Real Time Build Order
Export as new Build Order

Vorpal Protoss 

Build Orders: 1 Gate Expand 

Get SALT Encoding   

  12  0:00  Probe  
  13  0:12  Probe  
  14  0:19  Pylon  
  14  0:24  Probe  
  15  0:37  Probe  
  15  0:39  Gateway  
  16  0:47  Assimilator  
  16  0:49  Probe  
  17  1:00  Pylon  
  17  1:01  Probe  
  18  1:13  Probe  
  20  1:25  Probe  
  20  1:38  Nexus  
  20  1:49  Cybernetics Core  
  20  1:53  Probe  
  21  2:04  Pylon  
  21  2:06  Probe  
  22  2:18  Warp Gate  
  22  2:19  Gateway  
  22  2:26  Stalker (Chrono Boost)  
  23  2:32  Probe  
  22  2:53  Adept  
  24  3:00  Probe x2  
  26  3:11  Robotics Facility  
  26  3:13  Gateway  
  26  3:14  Probe x2  
  28  3:36  Gateway  
  28  3:39  Gateway  
  29  3:41  Probe x2  
  30  3:49  Gateway  
  30  4:05  Warp Prism (Chrono Boost)  
  32  4:12  Gateway  
  32  4:13  Gateway  
  32  4:30  Pylon  
  32  4:32  Pylon  
  32  4:37  Stalker  
  32  4:38  Stalker x2  
  38  4:51  Stalker x2  
  42  4:53  Zealot  
  44  5:05  Pylon  
  44  5:13  Stalker x2  
  48  5:14  Zealot  
  50  5:29  Zealot  
  50  5:30  Zealot x2  
  48  5:44  Zealot x3  
  48  5:45  Zealot  
  36  6:02  Stalker  
  36  6:03  Zealot x2  
  40  6:15  Stalker x2  
  40  6:16  Zealot, Stalker  
Tags
 
Add a new tag
Caveats
  • Supply blocks, unpowered buildings, or Contaminate may cause inaccurate times.
  • Supply counts are checked every 10 seconds.